 Dungeon Crawl Stone Soup version 0.27-a0-1590-g15f69828bf (webtiles) character file.

Game seed: 16556769606716197954

75 Sin92 the Skirmisher (level 4, -2/35 HPs)
             Began as a Demonspawn Fighter on July 18, 2021.
             Killed by nerve-wracking pain
             ... invoked by Grinder
              (7 damage)
             ... on level 3 of the Dungeon.
             The game lasted 00:01:19 (2389 turns).

Sin92 the Skirmisher (Demonspawn Fighter)           Turns: 2389, Time: 00:01:20

Health: -2/35      AC:  6    Str: 16 (17) XL:     4   Next: 11%
Magic:  4/4        EV:  7    Int:  8 (10) God:
Gold:   55         SH:  8    Dex:  9 (12) Spells: 3/3 levels left

rFire    . . .     SeeInvis .   a - +0 flail
rCold    . . .     Faith    .   c - +0 kite shield
rNeg     . . .     Spirit   .   b - +0 scale mail
rPois    .         Reflect  .   (helmet restricted)
rElec    .         Harm     .   (no cloak)
rCorr    .         Rampage  .   (no gloves)
Will     .....                  (no boots)
Stlth    ..........             (no amulet)
HPRegen  0.11/turn              (no ring)
MPRegen  0.09/turn              (no ring)

@: mighty
A: antennae 1, spiny 1
a: no special abilities


You were on level 3 of the Dungeon.
You visited 1 branch of the dungeon, and saw 3 of its levels.

You collected 55 gold pieces.

Inventory:

Hand Weapons
 a - a +0 flail (weapon)
Missiles
 i - 2 throwing nets (quivered)
Armour
 b - a +0 scale mail (worn)
 c - a +0 kite shield (worn)
Scrolls
 e - a scroll of vulnerability {unknown}
 g - a scroll of magic mapping {unknown}
 h - 3 scrolls of teleportation {unknown}
 k - 3 scrolls of fog {unknown}


   Skills:
 + Level 3.4 Fighting
 + Level 2.3 Maces & Flails
 + Level 3.1 Armour
 + Level 1.3 Dodging
 + Level 3.1 Shields


You had 3 spell levels left.
You didn't know any spells.
Your spell library was empty.

Dungeon Overview and Level Annotations

Branches:
Dungeon (3/15)

Altars:

Annotations:
D:3 Grinder, Terence


Innate Abilities, Weirdness & Mutations

You have a pair of small antennae on your head.
You are partially covered in sharp spines.


Message History

You block Terence's attack.
Unknown command.
You hit Terence.
Terence is moderately wounded.
You block Terence's attack. Grinder hits you.
Terence hits you with a +0 falchion.
Unknown command.
You are too injured to fight recklessly!
Unknown command.
Unknown command.
You are too injured to fight recklessly!
Unknown command.
You are too injured to fight recklessly!
It was a potion of magic.
Magic courses through your body. Grinder barely misses you.
Terence hits you with a +0 falchion.
* * * LOW HITPOINT WARNING * * *
It was a potion of degeneration.
There was something very wrong with that liquid.
You feel weakened.
You feel dopey.
You feel clumsy.
Grinder blinks!
You block Terence's attack.
You feel very mighty all of a sudden. Terence is struck by your spines.
Terence hits you but does no damage.
You sock Terence!
Terence is severely wounded.
Terence hits you with a +0 falchion.
* * * LOW HITPOINT WARNING * * *
Grinder blinks!
Terence hits you with a +0 falchion.
* * * LOW HITPOINT WARNING * * *
Your shield prevents you from hitting Terence.
Terence is severely wounded.
Terence hits you but does no damage.
Unknown command.
You closely miss Terence.
Terence is severely wounded.
You block Terence's attack. Grinder gestures at you.
You barely resist. Grinder gestures at you. Pain shoots through your body!
You die...

########..
##.........
#..######.#
...###.#######.#
#.....5@@gr...#
####.##.##g....
... #.# ### #.##
..# ... .## .##
#. .. ..


You could see Grinder, Terence, a quokka, a hobgoblin and a goblin.

Vanquished Creatures
  An adder (D:2)
  An ufetubus (D:2)
  A worm (D:2)
  4 ball pythons
  3 endoplasms (D:1)
  2 giant cockroaches (D:1)
  8 goblins
  5 hobgoblins
  4 jackals (D:2)
  5 kobolds
  2 quokkas
  8 bats
  2 frilled lizards
  4 rats
50 creatures vanquished.

Notes
Turn   | Place    | Note
-------+----------+-------------------------------------------
     0 | D:1      | Sin92 the Demonspawn Fighter began the quest for the Orb.
     0 | D:1      | Reached XP level 1. HP: 18/18 MP: 1/1
   453 | D:1      | Gained mutation: You are partially covered in sharp spines.
                  | [demonic ancestry]
   453 | D:1      | Reached XP level 2. HP: 24/24 MP: 2/2
   903 | D:1      | You fall into a shaft and drop 1 floor!
   949 | D:2      | Found a faded altar of an unknown god.
   961 | D:2      | Gained mutation: You have a pair of small antennae on your
                  | head. [demonic ancestry]
   961 | D:2      | Reached XP level 3. HP: 24/29 MP: 3/3
  1071 | D:2      | Reached skill level 1 in Dodging
  1897 | D:2      | Reached XP level 4. HP: 35/35 MP: 4/4
  2374 | D:3      | Noticed Terence
  2374 | D:3      | Noticed Grinder
  2389 | D:3      | Killed from afar by Grinder

Illustrated notes

Levels and vault maps discovered:
D:1:      dpeg_arrival_tiny_a, layout_basic
D:2:      layout_loops_ring, chequers_ecumenical_altar_simple
D:3:      layout_rooms, gup_sewer_entry_bowl, lemuel_another_geyser,
          uniq_grinder, uniq_sigmund, uniq_terence

Skill      XL: |  1  2  3 |
---------------+----------+-----
Maces & Flails | 2 |  2.3
Armour         | 3 |  3.1
Dodging        | 1 |  1.3
Shields        | 3 |  3.1
Fighting       | |  3.4

Action                   |  1- 3 |  4- 6 || total
-------------------------+-------+-------++-------
Melee: Flail             |   103 |    21 ||   124
  Use: Potion            |       |     3 ||     3
Armor: Scale mail        |    50 |    10 ||    60
Dodge: Dodged            |    36 |     7 ||    43
Block: Kite shield       |    62 |    18 ||    80

Table legend: (Time is in decaauts)
 A = Elapsed time spent in this place.
 B = Non-inter-level travel time spent in this place.
 C = Inter-level travel time spent in this place.
 D = Time resting spent in this place.
 E = Time spent auto-exploring this place.
 F = Levels seen in this place.
 G = Mean time per level.
                   A        B        C        D        E       F      G
               +--------+--------+--------+--------+--------+-----+--------+
         Total |   2455 |   2420 |     35 |      0 |   2070 |   3 |  818.3 |
       Dungeon |   2455 |   2420 |     35 |      0 |   2070 |   3 |  818.3 |
               +--------+--------+--------+--------+--------+-----+--------+

Top non-repeatable levels by time:
     D:1: 1437 daAuts
     D:2: 995 daAuts
     D:3: 23 daAuts
